Unix NetHack Version 5.0.0-0 post-release - last build May 22 2026 02:22:16 (99d1c3b6dc4b13757aaa5824b55bdea4e1e63757,branch:main).

Game began 2026-05-22 18:17:06, ended 2026-05-22 18:33:18.

Eymerich, chaotic male elven Priest

                h





                             G
                             ....
                             ..)..
                             -..@. h
                             --^<.
                              ---.d

Eymerich the Acolyte         St:12 Dx:11 Co:14 In:9 Wi:19 Ch:10  Chaotic
Dlvl:3  $:3  HP:0(20) Pw:38(38) AC:8  Xp:3 T:1073 

Latest messages:
 You are hit by the 1st arrow!
 You are hit by the 2nd arrow.
 Pick a monster, object or location.
 The stairs are solidly affixed.
 You climb up the stairs.
 You stop waiting.
 The goblin wields a crude dagger!
 You kill the goblin!
 There is a doorway here.
 You see here a crude dagger.
 H - a crude dagger.
 A red mold suddenly appears close by!
 B - a sling (weapon in right hand).
 a - a blessed +1 mace (alternate weapon; not wielded).
 In what direction?
 The rock hits the red mold.
 In what direction?
 The rock misses the red mold.
 In what direction?
 You kill the red mold!
 There is a red mold corpse here; eat it? [ynq] (n)
 This red mold corpse tastes okay.
 You finish eating the red mold corpse.
 C - a rock (in quiver pouch).
 You stop searching.
 Pick a monster, object or location.
 The giant rat bites!
 You begin bashing monsters with your sling.
 You miss the giant rat.
 The giant rat bites!
 You miss the giant rat.
 The giant rat bites!
 a - a blessed +1 mace (weapon in right hand).
 B - a sling (alternate weapon; not wielded).
 You kill the giant rat!
 You stop searching.
 The giant rat bites!
 You hit the giant rat!
 The giant rat just misses!
 You kill the giant rat!
 You descend the stairs.
 You see here an arrow.
 The gnome lord shoots an arrow!
 You are hit by an arrow!
 G - 2 arrows (5 in total).
 You stop.  Pinky is in the way!
 The gnome lord shoots an arrow!
 You are hit by an arrow!
 You die...
 Do you want your possessions identified? [ynq] (y)

Inventory:
 Coins    ('$')
  $ - 3 gold pieces
 Weapons  (')')
  G - 5 +2 arrows
  B - a +0 sling (alternate weapon; not wielded)
  E - 3 +0 daggers
  q - a rustproof +0 orcish dagger
  H - a +0 orcish dagger
  a - a blessed +1 mace (weapon in right hand)
 Armor    ('[')
  u - a +0 orcish helm
  c - a +0 small shield
  b - a +0 robe (being worn)
 Comestibles  ('%')
  e - a clove of garlic
  r - a pancake
  f - a sprig of wolfsbane
 Potions  ('!')
  z - a potion of booze
  F - a blessed potion of extra healing
  D - a cursed potion of see invisible
  d - a potion of holy water
 Wands    ('/')
  k - a wand of digging (0:7)
  l - a wand of nothing (0:14)
  p - a wand of undead turning (0:7)
 Tools    ('(')
  i - a tooled horn
  A - a leash
  m - a lock pick
 Gems/Stones  ('*')
  C - a rock (in quiver pouch)

Eymerich the Priest's attributes:

Background:
 You were an Acolyte, a level 3 elven Priest.
 You were chaotic, nominally on a mission for Poseidon
 who was opposed by Athena (lawful) and Hermes (neutral).
 You were right-handed.
 You were in the Gnomish Mines, on level 3.
 You entered the dungeon 1073 turns ago.
 You had 78 experience points, 2 more were needed to attain level 4.

Basics:
 You had 0 out of 20 hit points.
 You had all 38 energy points (spell power).
 Your armor class was 8.
 Your wallet contained 3 zorkmids.
 Autopickup was off.

Final Characteristics:
 Your strength was 12 (limit:18).
 Your dexterity was 11 (limit:18).
 Your constitution was 14 (limit:16).
 Your intelligence was 9 (limit:20).
 Your wisdom was 19 (limit:20).
 Your charisma was 10 (limit:18).

Final Status:
 You weren't hungry.
 You were unencumbered.
 You were wielding a mace.
 You had basic skill with mace.

Final Attributes:
 You were devoutly aligned.
 You had infravision.
 You were guarded.
 Your spell casting was enhanced by wearing a robe.
 You are dead.

Miscellaneous:
 You didn't encounter any bones levels.
 Total elapsed playing time was 16 minutes and 10 seconds.

Major events:
 Turn
    1: Eymerich the chaotic elven Priest entered the dungeon
  817: entered the Gnomish Mines
  881: attained the rank of Acolyte (level 3)
 1073: killed by an arrow

Spells:
 Name                 Level Category     Fail Retention
 light                  1   clerical       0%  91%-100%
 create monster         2   clerical       0%  91%-100%

Skills:
 Fighting Skills
   bare handed combat [Unskilled]
 Weapon Skills
   club               [Unskilled]
   mace               [Basic]
   morning star       [Unskilled]
   flail              [Unskilled]
   hammer             [Unskilled]
   quarterstaff       [Unskilled]
   polearms           [Unskilled]
   spear              [Unskilled]
   trident            [Unskilled]
   lance              [Unskilled]
   bow                [Unskilled]
   sling              [Unskilled]
   crossbow           [Unskilled]
   dart               [Unskilled]
   shuriken           [Unskilled]
   boomerang          [Unskilled]
   unicorn horn       [Unskilled]
 Spellcasting Skills
   healing spells     [Unskilled]
   divination spells  [Unskilled]
   clerical spells    [Basic]

Voluntary challenges:
 Character rerolling was not enabled.
 You were an atheist.
 You were illiterate.
 You never genocided any monsters.
 You never polymorphed an object.
 You never changed form.
 You used no wishes.
Achievements:
 You entered the Gnomish Mines.
 You attained the rank of Acolyte.

 The Dungeons of Doom: levels 1 to 2
    Level 1: "vault"
       Some fountains.
    Level 2:
       Stairs down to The Gnomish Mines.
 The Gnomish Mines:
    Level 3: <- You were here.
       Final resting place for
          you, killed by an arrow.


Vanquished creatures:
  a gnome leader
  a coyote
  a hobbit
  2 giant rats
  a red mold
  5 gnomes
  3 jackals
  4 goblins
  2 grid bugs
  a lichen
  6 newts
27 creatures vanquished.

No species were genocided or became extinct.

Game over:
                       ----------
                      /          \
                     /    REST    \
                    /      IN      \
                   /     PEACE      \
                  /                  \
                  |     Eymerich     |
                  |       3 Au       |
                  |   killed by an   |
                  |      arrow       |
                  |                  |
                  |                  |
                  |       2026       |
                 *|     *  *  *      | *
        _________)/\\_//(\/(/\)/\//\/|_)_______

Goodbye Eymerich the Priest...

You died in The Gnomish Mines on dungeon level 3 with 425 points,
and 3 pieces of gold, after 1073 moves.
You were level 3 with a maximum of 20 hit points when you died.

